 Dungeon Crawl Stone Soup version 0.32-a0-18-g89e19f1974 (webtiles) character file.

Game seed: 10040969043283628579

42 mopl the Grave Robber (level 3, -4/18 HPs)
             Began as a Vine Stalker Necromancer on Jan 16, 2024.
             Slain by a gnoll
             ... wielding a +0 halberd
              (8 damage)
             ... on level 1 of the Dungeon.
             The game lasted 00:01:29 (859 turns).

mopl the Grave Robber (Vine Stalker Necromancer)     Turns: 859, Time: 00:01:29

Health: -4/18      AC:  2    Str: 10    XL:     3   Next: 54%
Magic:  0/7        EV: 12    Int: 17    God:
Gold:   35         SH:  0    Dex: 14    Spells: 3/7 levels left

rFire   + . .        a - +0 short sword (speed)
rCold   . . .        (no shield)
rNeg    . . .        f - +0 robe
rPois   .            (no helmet)
rElec   .            (no cloak)
rCorr   +            (no gloves)
SInv    .            (no boots)
Will    .....        i - amulet of magic regeneration
Stlth   ++           j - ring of resist corrosion
HPRegen 1.03/turn    l - ring of protection from fire
MPRegen 0.50/turn

%: guardian spirit
@: no status effects
A: fangs 2, regeneration 1, magic shield, antimagic bite, no potion heal 2
a: no special abilities


You were on level 1 of the Dungeon.
You visited 1 branch of the dungeon, and saw 2 of its levels.

You collected 35 gold pieces.

Inventory:

Hand Weapons
 a - a +0 short sword of speed (weapon)
 h - a +2 dagger of protection
Armour
 f - a +0 robe (worn)
Jewellery
 i - an amulet of magic regeneration (around neck)
 j - a ring of resist corrosion (left hand)
 l - a ring of protection from fire (right hand)
Scrolls
 c - a scroll of revelation {unknown}
 d - a scroll of fog {unknown}
 g - a scroll of immolation {unknown}
 k - a scroll of identify {unknown}
 m - a scroll of enchant weapon {unknown}
 n - a scroll of teleportation {unknown}
Potions
 b - a potion of magic
 e - 2 potions of curing {unknown}


   Skills:
 + Level 1.0 Fighting
 + Level 0.9 Short Blades
 - Level 1.5 Dodging
 + Level 3.1 Stealth
 + Level 2.6 Spellcasting
 + Level 4.2 Necromancy


You had 3 spell levels left.
You knew the following spells:

 Your Spells              Type           Power      Damage    Failure   Level
a - Necrotise             Necr           64%        1d7       3%          1
b - Vampiric Draining     Necr           16%        2d7       10%         3

Your spell library contained the following spells:

 Spells                   Type           Power      Damage    Failure   Level
 Animate Dead             Necr           16%        N/A       32%         4
 Curse of Agony           Necr           16%        N/A       65%         5


Dungeon Overview and Level Annotations

Branches:
Dungeon (2/15)

Altars:


Innate Abilities, Weirdness & Mutations

You have extremely sharp teeth.
Your natural rate of healing is unusually fast.
When hurt, damage is shared between your health and your magic reserves.
Your bite disrupts and absorbs the magic of your enemies.
Potions cannot restore your health.


Message History

There is a stone staircase leading up here.
You see here a ball python corpse.
You can't see any susceptible monsters within range! (Use Z to cast anyway.)
An adder comes into view.
The adder hisses angrily.
A gnoll comes into view. It is wielding a +0 club.
A gnoll comes into view. It is wielding a +0 halberd.
The adder writhes in agony.
The gnoll shouts!
The adder writhes in agony!
The adder writhes in agony.
The adder misses you. The adder bites you but does no damage.
The adder writhes in agony.
You kill the adder!
The dead are slithering!
Your Fighting skill increases to level 1!
Unknown command.
The gnoll attacks as it pursues you! The gnoll barely misses you.
The jackal barks!
Your adder skeleton barely misses the gnoll.
The gnoll hits your adder skeleton with a +0 club.
The gnoll attacks as it pursues you! The gnoll closely misses you.
Your adder skeleton barely misses the gnoll.
Something hits your adder skeleton. The gnoll attacks as it pursues you!
The gnoll misses you.
There is a stone staircase leading up here.
You see here a ball python corpse.
The gnoll hits you with a +0 halberd!
Ouch! That really hurt!
Your adder skeleton bites the gnoll.
The jackal bites you.
There is a stone staircase leading up here.
You see here a ball python corpse.
The jackal bites you. The gnoll hits you with a +0 halberd!
* * * LOW HITPOINT WARNING * * *
Your adder skeleton barely misses the gnoll.
The gnoll barely misses your adder skeleton.
You climb upwards.
There is a stone staircase leading down here.
The gnoll hits you from afar with a +0 halberd!
You die...

#'#####...##..########.######.##
.....##.#...........Z..# #.#
.....##.################ #.###
#######........# #....
##############'####### #######
......>..............# #......
..#########...g......# #......
..#............>h....# #......
..#.#Z.###......@....# #####..
..#.#................### #.#
..#.##.#.#...#.........########.#
..#......###........##.##.......#
####......#.........##.##.#######
....................##.##.#
##..#..........#....##.##.#######
#..##..........##...##.##.##.....
....................##.##.##.....


You could see a gnoll and a jackal.

Vanquished Creatures
  An adder (D:2)
  3 ball pythons
  2 bats (D:1)
  An endoplasm (D:1)
  A giant cockroach (D:1)
  2 goblins (D:1)
  5 hobgoblins
  3 jackals (D:1)
  3 quokkas
  6 kobolds (D:1)
  A rat (D:1)
28 creatures vanquished.

Notes
Turn   | Place    | Note
-------+----------+-------------------------------------------
     0 | D:1      | mopl the Vine Stalker Necromancer began the quest for the
                  | Orb.
     0 | D:1      | Reached XP level 1. HP: 9/9 MP: 4/4
   122 | D:1      | Reached XP level 2. HP: 14/14 MP: 4/6
   447 | D:1      | Reached XP level 3. HP: 17/17 MP: 5/7
   752 | D:2      | Reached skill level 3 in Stealth
   820 | D:1      | Learned a level 3 spell: Vampiric Draining
   846 | D:2      | Reached skill level 1 in Fighting
   859 | D:1      | Slain by a gnoll

Illustrated notes

Levels and vault maps discovered:
D:1:      dpeg_arrival_rooms_a, layout_basic, minmay_statues_item,
          chequers_serial_rivers_micro_b, kennysheep_decorative_pillar
D:2:      cheibrodos_fertilizer, layout_rooms

Skill      XL: |  1  2  3 |
---------------+----------+-----
Stealth        | 3 |  3.1
Fighting       | 1 |  1.0
Short Blades   | |  0.9
Dodging        | |  1.5
Spellcasting   | |  2.6
Necromancy     | |  4.2

Action                     || total
---------------------------++-------
  Melee: Short sword       ||    31
         Bite              ||     9
   Cast: Necrotise         ||    30
   Stab: Sleeping          ||     1
 Armour: Robe              ||    27
  Dodge: Dodged            ||    24

Table legend: (Time is in decaauts)
 A = Elapsed time spent in this place.
 B = Non-inter-level travel time spent in this place.
 C = Inter-level travel time spent in this place.
 D = Time resting spent in this place.
 E = Time spent auto-exploring this place.
 F = Levels seen in this place.
 G = Mean time per level.
                   A        B        C        D        E       F      G
               +--------+--------+--------+--------+--------+-----+--------+
         Total |    848 |    811 |     37 |      0 |    628 |   2 |  424.0 |
       Dungeon |    848 |    811 |     37 |      0 |    628 |   2 |  424.0 |
               +--------+--------+--------+--------+--------+-----+--------+

Top non-repeatable levels by time:
     D:1: 757 daAuts
     D:2: 91 daAuts
